 Dungeon Crawl Stone Soup version 0.30-b1-2-g02819fbbbe (webtiles) character file.

Game seed: 10485419477766828909

100 Mesmaeker13 the Grave Robber (level 4, -1/24 HPs)
             Began as a Gargoyle Necromancer on June 16, 2023.
             Slain by a wight
             ... wielding a +0 long sword
              (7 damage)
             ... on level 4 of the Dungeon.
             The game lasted 00:06:33 (4209 turns).

Mesmaeker13 the Grave Robber (Gargoyle Necromancer) Turns: 4209, Time: 00:06:33

Health: -1/24      AC: 15    Str: 14    XL:     4   Next: 74%
Magic:  9/9        EV: 11    Int: 15    God:
Gold:   175        SH:  0    Dex: 10    Spells: 5/9 levels left

rFire   + . .        g - +0 mace (protect)
rCold   x . .        (no shield)
rNeg    + . .        a - +0 robe
rPois   ∞            r - +0 helmet
rElec   +            (no cloak)
rCorr   .            n - +1 Delatra's gloves {ID++}
SInv    .            (no boots)
Will    .....        (no amulet)
Stlth   ++           v - ring of fire
HPRegen 0.24/turn    (no ring)
MPRegen 0.11/turn

%: no passive effects
@: under a protective aura
A: sickness immunity, AC +3, negative energy resistance 1, electricity
resistance, torment resistance 1, petrification resistance
a: no special abilities


You were on level 4 of the Dungeon.
You visited 1 branch of the dungeon, and saw 4 of its levels.

You collected 175 gold pieces.

Inventory:

Hand Weapons
 c - a +0 sling
 f - a +0 quarterstaff
 g - a +0 mace of protection (weapon)
 h - a +0 war axe
Armour
 a - a +0 robe (worn)
 n - the +1 Delatra's gloves (worn) {ID++}
   (You found it on level 2 of the Dungeon)

   ID++:      It heals its wearer when they drink unknown potions, and restores
   their MP when they read unknown scrolls.
 o - an orb of mayhem
 r - a +0 helmet (worn)
Jewellery
 v - a ring of fire (left hand)
Scrolls
 j - 2 scrolls of teleportation
 k - 2 scrolls of magic mapping {unknown}
 l - a scroll of blinking {unknown}
 t - a scroll of identify {unknown}
 u - a scroll of noise {unknown}
 x - a scroll of immolation {unknown}
 y - a scroll of vulnerability {unknown}
 z - 3 scrolls of fear {unknown}
Potions
 b - 2 potions of magic
 d - a potion of curing {unknown}
 e - 2 potions of heal wounds {unknown}
 i - 2 potions of brilliance {unknown}
 m - a potion of flight {unknown}
 p - a potion of haste {unknown}
 q - a potion of lignification {unknown}
 s - 3 potions of degeneration {unknown}


   Skills:
 - Level 1.5 Dodging
 - Level 2.1 Stealth
 + Level 3.4 Spellcasting
 + Level 4.2 Necromancy


You had 5 spell levels left.
You knew the following spells:

 Your Spells              Type           Power      Damage    Failure   Level
a - Necrotise             Necr           60%        1d7       3%          1
b - Vampiric Draining     Necr           15%        2d7       11%         3

Your spell library contained the following spells:

 Spells                   Type           Power      Damage    Failure   Level
 Animate Dead             Necr           15%        N/A       34%         4
 Inner Flame              Hex/Fire       3%         N/A       50%         3
 Agony                    Necr           15%        N/A       67%         5
 Flame Wave               Conj/Fire      3%         2d5       88%         4
 Sticky Flame             Conj/Fire      3%         2d3       88%         4


Dungeon Overview and Level Annotations

Branches:
Dungeon (4/15)
 Temple: D:4-7

Altars:
Ru
Xom


Innate Abilities, Weirdness & Mutations

You are immune to sickness and miasma.
Your stone body is resilient. (AC +3)
You are immune to poison.
You resist negative energy. (rN+)
You are resistant to electric shocks. (rElec)
You are resistant to unholy torment.
You are immune to petrification.


Message History

The worm writhes in agony.
The worm bites you.
Casting: Necrotise (safe; 3% risk of failure)
Confirm with . or Enter, or press ? or * to list all spells.
Aiming: Necrotise (safe; 3% risk of failure)
Press: ? - help, Shift-Dir - straight line, f/p - worm
Aim: a worm (severely wounded, chance to affect: 79%)
The worm barely resists.
Casting: Necrotise (safe; 3% risk of failure)
Confirm with . or Enter, or press ? or * to list all spells.
Aiming: Necrotise (safe; 3% risk of failure)
Press: ? - help, Shift-Dir - straight line, f/p - worm
Aim: a worm (severely wounded, chance to affect: 79%)
The worm writhes in agony.
You kill the worm!
Casting: Necrotise (safe; 3% risk of failure)
Confirm with . or Enter, or press ? or * to list all spells.
You can't see any susceptible monsters within range! (Use Z to cast anyway.)
Casting: Necrotise (safe; 3% risk of failure)
Confirm with . or Enter, or press ? or * to list all spells.
You can't see any susceptible monsters within range! (Use Z to cast anyway.)
You start resting.
Magic restored.
HP restored.
You see here a worm corpse.
There is an escape hatch in the floor here.
You closely miss the wight.
The wight hits you with a +0 long sword!
The wight closely misses you.
You barely miss the wight.
The wight hits you with a +0 long sword!
* * * LOW HITPOINT WARNING * * *
You hit the wight.
Your weapon exudes an aura of protection.
The wight is moderately damaged.
The wight barely misses you.
You barely miss the wight.
The wight is moderately damaged.
The wight barely misses you.
The wight hits you with a +0 long sword!
You die...

#....z.....
#.###.#.....
###.# #...
#...# #...
##.### #...
##..# #>++
#.>## ###z##
##†@.#
#..### #.##
#.# ......#
#.###
#.....#
#...#
#......
#####
#.....#
#$....#
#.....#


You could see a wight.

Vanquished Creatures
  2 adders (D:3)
  2 worms
  A dart slug (D:3)
  2 orcs (D:3)
  8 bats
  5 endoplasms
  3 giant cockroaches
  9 goblins
  8 hobgoblins
  2 jackals (D:1)
  3 kobolds
  3 quokkas
  7 ball pythons
  3 frilled lizards
  5 rats
  A butterfly (D:4)
64 creatures vanquished.

Vanquished Creatures (collateral kills)
  An orc (D:3)
  A goblin (D:3)
2 creatures vanquished.

Grand Total: 66 creatures vanquished

Notes
Turn   | Place    | Note
-------+----------+-------------------------------------------
     0 | D:1      | Mesmaeker13 the Gargoyle Necromancer began the quest for
                  | the Orb.
     0 | D:1      | Reached XP level 1. HP: 10/10 MP: 3/3
   257 | D:1      | Reached XP level 2. HP: 15/15 MP: 3/5
   801 | D:1      | Reached XP level 3. HP: 19/19 MP: 3/6
  1430 | D:1      | Learned a level 3 spell: Vampiric Draining
  2020 | D:2      | Found the +1 Delatra's gloves {ID++}
  2811 | D:3      | Reached XP level 4. HP: 22/24 MP: 0/8
  3077 | D:3      | Reached skill level 4 in Necromancy
  3496 | D:3      | Found a sacrificial altar of Ru.
  3782 | D:4      | Found a shimmering altar of Xom.
  3873 | D:4      | Noticed an ogre
  3909 | D:4      | Noticed a scorpion
  4209 | D:4      | Slain by a wight

Illustrated notes

Levels and vault maps discovered:
D:1:      dpeg_arrival_signposts, layout_basic, skrybe_limestone_x,
          nicolae_eternal_life
D:2:      layout_loops_corners
D:3:      layout_loops_ring, nicolae_ru_path_of_blood
D:4:      layout_rooms, kennysheep_little_box, xom_butterflies,
          gammafunk_temple_overflow_pools, serial_shops, shop,
          nicolae_shop_tiny_real_fake_doors

Skill      XL: |  1  2  3  4 |
---------------+-------------+-----
Spellcasting   | 3 |  3.4
Necromancy     | 4 |  4.2
Dodging        | |  1.5
Stealth        | |  2.1

Action                     |  1- 3 |  4- 6 || total
---------------------------+-------+-------++-------
  Melee: Quarterstaff      |     9 |     3 ||    12
         Mace              |       |     9 ||     9
  Throw: Dart              |       |     4 ||     4
   Cast: Necrotise         |    97 |    41 ||   138
    Use: Scroll            |     1 |     1 ||     2
 Armour: Robe              |    15 |    11 ||    26
  Dodge: Dodged            |    19 |    15 ||    34
